 Dungeon Crawl Stone Soup version 0.21-a0-529-g8c7b3f5 (webtiles) character file.

8492 slep the Cleaver (level 11, -7/56 HPs)
             Began as a Vine Stalker Gladiator on Dec 10, 2017.
             Was an Elder of Okawaru.
             Mangled by a gargoyle
             ... wielding a +0 flail
              (12 damage)
             ... on level 10 of the Dungeon.
             The game lasted 00:37:09 (6976 turns).

slep the Cleaver (Vine Stalker Gladiator)           Turns: 6976, Time: 00:37:09

Health: -7/56      AC: 11    Str: 20    XL:     11   Next: 31%
Magic:  0/19       EV: 15    Int:  8    God:    Okawaru [****..]
Gold:   750        SH:  5    Dex: 16    Spells: 17/17 levels left

rFire    . . .     SeeInvis +   R - -1 hand axe (curse)
rCold    + + .     Gourm    .   o - +0 buckler {rC+}
rNeg     . . .     Faith    .   s - +2 leather armour {rPois}
rPois    +         Spirit   +   O - +2 helmet {SInv}
rElec    .         Reflect  .   K - +0 cloak
rCorr    .         Harm     .   i - +0 pair of gloves
MR       +++..                  (no boots)
Stlth    +++.......             r - amulet of guardian spirit
HPRegen  0.58/turn              w - ring of see invisible
MPRegen  0.16/turn              D - ring of protection from cold

@: no status effects
A: fangs 3, talons 1, high mp 1, magic resistance 2, sense surroundings 1,
regeneration 1, magic shield, antimagic bite, no potion heal 3, rot immunity
a: Heroism, Renounce Religion


You were on level 10 of the Dungeon.
You worshipped Okawaru.
Okawaru was greatly pleased with you.
You were not hungry.

You visited 1 branch of the dungeon, and saw 10 of its levels.
You also visited: Ossuary.

You collected 750 gold pieces.

Inventory:

Hand Weapons
 a - a +0 war axe
 J - a +0 blowgun
 R - a cursed -1 hand axe (weapon)
Missiles
 d - 5 throwing nets (quivered)
 L - 6 poisoned needles
 T - 3 javelins of penetration
Armour
 c - a +0 helmet
 i - a +0 pair of gloves (worn)
 o - a +0 buckler of cold resistance (worn)
 s - a +2 leather armour of poison resistance (worn)
 K - a +0 cloak (worn)
 N - a +2 leather armour of fire resistance
 O - a +2 helmet of see invisible (worn)
Jewellery
 r - an amulet of guardian spirit (around neck)
 w - a ring of see invisible (left hand)
 D - a ring of protection from cold (right hand)
Wands
 t - a wand of flame (14)
 y - a wand of iceblast (11)
 F - a wand of random effects (50)
Scrolls
 b - a scroll of enchant armour {unknown}
 e - 2 scrolls of immolation {unknown}
 g - 8 scrolls of teleportation {unknown}
 h - 13 scrolls of identify {unknown}
 m - 2 scrolls of enchant weapon {unknown}
 p - a scroll of blinking {unknown}
 u - 6 scrolls of remove curse {unknown}
 B - 3 scrolls of fog {unknown}
 C - 3 scrolls of noise {unknown}
 H - 2 scrolls of amnesia {unknown}
 P - a scroll of magic mapping {unknown}
Potions
 j - 2 potions of brilliance {unknown}
 l - 5 potions of agility {unknown}
 q - 5 potions of flight {unknown}
 x - 7 potions of curing
 z - 3 potions of heal wounds {unknown}
 A - 4 potions of degeneration {unknown}
 E - a potion of ambrosia {unknown}
 G - a potion of might {unknown}
 I - a potion of magic {unknown}
 Q - a potion of haste {unknown}
Books
 M - a book of Conjurations

   Spells                             Type                      Level
   a - Magic Dart                     Conjuration                  1
   b - Searing Ray                    Conjuration                  2
   c - Dazzling Spray                 Conjuration/Hexes            3
   d - Fulminant Prism                Conjuration/Hexes            4
   e - Force Lance                    Conjuration/Translocation    4
   f - Iskenderun's Mystic Blast      Conjuration                  4
Comestibles
 f - 14 bread rations
 k - 4 meat rations
 n - 6 royal jellies
 v - 3 fruits


   Skills:
 + Level 6.2 Fighting
 + Level 10.0 Axes
 + Level 4.1 Throwing
 + Level 4.0 Armour
 + Level 5.9 Dodging
 + Level 6.9 Stealth
 + Level 4.6 Shields
 + Level 3.9 Unarmed Combat
 + Level 3.6 Spellcasting
 + Level 1.0 Evocations


You had 17 spell levels left.
You didn't know any spells.

Dungeon Overview and Level Annotations

Branches:
Dungeon (10/15)            Temple (0/1) D:7            Lair (0/6) D:8
    Orc: D:9-12

Altars:
Elyvilon
Okawaru
Ru
Sif Muna

Shops:
D:7 [   D:8 [


Innate Abilities, Weirdness & Mutations

You have razor-sharp teeth.
Your natural rate of healing is unusually fast.
When hurt, damage is shared between your health and your magic reserves.
Your bite disrupts and absorbs the magic of your enemies.
Potions cannot restore your health.
You are immune to rotting.
You have sharp toenails.
You have an increased reservoir of magic. (+10% MP)
You are highly resistant to hostile enchantments. (MR++)
You passively map a small area around you.


Message History

You hit the gargoyle but do no damage.
You claw the gargoyle, but do no damage.
You bite the gargoyle, but do no damage.
The gargoyle is severely damaged.
The gargoyle hurls a stone arrow at you.
The stone arrow misses you.
You hit the gargoyle but do no damage.
You claw the gargoyle, but do no damage.
Your bite misses the gargoyle.
The gargoyle is severely damaged.
You hit the gargoyle but do no damage. Your kick misses the gargoyle.
You bite the gargoyle, but do no damage.
The gargoyle is severely damaged.
The gargoyle barely misses you.
You hit the gargoyle but do no damage.
You claw the gargoyle, but do no damage.
You bite the gargoyle, but do no damage.
The gargoyle is severely damaged.
The gargoyle hits you with a flail!!
You die...

)........#.. *,
.........#..
###..#...### ,
,....#...... , ....
#...... ##### , ###,
#####(. #...#
#...#.. #..9# ,
,,#...#..
#).@##########...#..
#...................
#...................
#...................
###############....#
* , ,, , , #....# ,,
, ,, #....# * ,
#....# * ***###..#


You could see a gargoyle.

Vanquished Creatures
  The ghost of djmy96 the Sneak, a novice FoMo (Ossuary)
  Joseph (D:8)
  Maurice (D:8)
  A kobold demonologist (D:8)
  The ghost of slep the Chopper, an amateur VSGl (D:3)
  6 yaks (D:9)
  2 steam dragons (D:5)
  A vampire (D:10)
  Eustachio (D:4)
  A black bear (D:8)
  An orc warrior (D:9)
  A necrophage (D:6)
  2 sky beasts (D:9)
  An ice beast (D:10)
  5 phantoms
  9 ogres
  4 centaurs
  A crocodile (D:9)
  15 big kobolds
  A wyvern zombie (D:6)
  A bullfrog (D:8)
  4 scorpions
  4 jellies
  7 killer bees
  7 howler monkeys
  5 crimson imps
  3 bullfrog zombies
  6 hounds
  3 orc wizards
  2 orc priests
  A bullfrog skeleton (D:9)
  A centaur skeleton (D:4)
  2 iguanas
  5 worker ants
  A big kobold zombie (Ossuary)
  A hound skeleton (D:4)
  8 mummies (Ossuary)
  2 worker ant zombies
  5 gnolls
  15 adders
  4 shadow imps
  2 oozes
  2 worms
  An adder skeleton (D:7)
  2 dart slugs
  9 leopard geckos
  16 orcs
  A ball python (D:4)
  9 bats
  6 giant cockroaches
  A gnoll zombie (Ossuary)
  13 goblins
  11 hobgoblins
  11 jackals
  7 quokkas
  3 frilled lizards
  A giant cockroach zombie (D:5)
  3 hobgoblin zombies (Ossuary)
  24 kobolds
  2 kobold zombies (Ossuary)
  An orc zombie (Ossuary)
  A quokka zombie (D:7)
  12 rats
  A fungus (D:5)
282 creatures vanquished.

Vanquished Creatures (others)
  An orc wizard (D:5)
  A fungus (D:5)
2 creatures vanquished.

Grand Total: 284 creatures vanquished

Notes
Turn   | Place    | Note
-------+----------+-------------------------------------------
     0 | D:1      | slep the Vine Stalker Gladiator began the quest for the Orb.
     0 | D:1      | Reached XP level 1. HP: 11/11 MP: 2/2
   123 | D:1      | Reached XP level 2. HP: 9/15 MP: 1/3
   206 | D:1      | Reached skill level 3 in Axes
   224 | D:1      | Reached XP level 3. HP: 17/18 MP: 4/4
   253 | D:1      | Reached skill level 1 in Stealth
   747 | D:2      | Gained mutation: Your natural rate of healing is unusually fast. [Vine Stalker growth]
   747 | D:2      | Reached XP level 4. HP: 5/23 MP: 2/5
  1366 | D:3      | Noticed slep's ghost (amateur VSGl)
  1366 | D:3      | Gained mutation: You tend to lose your temper in combat. [potion of mutation]
  1366 | D:3      | Gained mutation: You passively map a small area around you. [potion of mutation]
  1366 | D:3      | Gained mutation: You are resistant to hostile enchantments. (MR+) [potion of mutation]
  1366 | D:3      | Gained mutation: You have sharp toenails. [potion of mutation]
  1367 | D:3      | Reached skill level 5 in Axes
  1367 | D:3      | Reached XP level 5. HP: 29/29 MP: 5/11
  1488 | D:3      | Noticed a centaur
  1495 | D:3      | Killed a centaur
  1495 | D:3      | Reached XP level 6. HP: 33/33 MP: 12/12
  1499 | D:3      | Killed slep's ghost
  1572 | D:3      | Reached XP level 7. HP: 36/37 MP: 13/13
  2136 | D:4      | Noticed Eustachio
  2145 | D:4      | Killed Eustachio
  2179 | D:4      | Reached skill level 6 in Axes
  2309 | D:4      | Gained mutation: You have razor-sharp teeth. [Vine Stalker growth]
  2309 | D:4      | Reached XP level 8. HP: 36/42 MP: 14/14
  2418 | D:4      | Found a sand-covered staircase.
  2423 | Ossuary  | Entered an ossuary
  2461 | Ossuary  | Noticed djmy96's ghost (novice FoMo)
  2500 | Ossuary  | Killed djmy96's ghost
  2500 | Ossuary  | Reached skill level 7 in Axes
  2693 | D:4      | Reached skill level 5 in Dodging
  3051 | D:5      | Entered Level 5 of the Dungeon
  3069 | D:5      | Reached XP level 9. HP: 45/46 MP: 13/15
  3141 | D:5      | Reached skill level 1 in Evocations
  3483 | D:5      | Found a deep blue altar of Sif Muna.
  3754 | D:6      | Reached skill level 8 in Axes
  3871 | D:6      | Found an iron altar of Okawaru.
  3878 | D:6      | Became a worshipper of Warmaster Okawaru
  3881 | D:6      | Reached skill level 5 in Fighting
  3923 | D:6      | Found a sacrificial altar of Ru.
  4232 | D:5      | Found a white marble altar of Elyvilon.
  4924 | D:7      | Found Mafach's Antique Armour Shop.
  5066 | D:7      | Found a staircase to the Ecumenical Temple.
  5167 | D:8      | Reached XP level 10. HP: 48/51 MP: 16/16
  5174 | D:8      | Found Mier's Armour Emporium.
  5199 | D:8      | Found a staircase to the Lair.
  5251 | D:8      | Reached * piety under Okawaru
  5265 | D:8      | Reached skill level 5 in Stealth
  5311 | D:8      | Noticed Joseph
  5331 | D:8      | Killed Joseph
  5425 | D:8      | Noticed Maurice
  5439 | D:8      | Killed Maurice
  5439 | D:8      | Reached ** piety under Okawaru
  5439 | D:8      | Reached skill level 9 in Axes
  5657 | D:8      | Noticed a kobold demonologist
  5668 | D:8      | Killed a kobold demonologist
  5884 | D:9      | Reached *** piety under Okawaru
  5999 | D:9      | Reached XP level 11. HP: 52/56 MP: 17/17
  6222 | D:9      | Reached **** piety under Okawaru
  6226 | D:9      | Gained mutation: You have an increased reservoir of magic. (+10% MP) [mutagenic meat]
  6227 | D:9      | Lost mutation: You tend to lose your temper in combat. [mutagenic meat]
  6228 | D:9      | Gained mutation: You are highly resistant to hostile enchantments. (MR++) [mutagenic meat]
  6338 | D:9      | Reached skill level 10 in Axes
  6758 | D:10     | Entered Level 10 of the Dungeon
  6859 | D:10     | Received a gift from Okawaru
  6969 | D:10     | HP: 2/56 [gargoyle/stone arrow (10)]
  6976 | D:10     | Mangled by a gargoyle

Vault maps used:
D:1:      dpeg_arrival_shrine
D:2:      hangedman_decor_push
D:3:      first_bread
D:4:      enter_ossuary_2, serial_glass, glass_columns_a, glass_columns_a,
          glass_columns_a, glass_columns_c, glass_columns_c, glass_columns_c,
          glass_columns_a, glass_columns_a, glass_columns_c, glass_columns_b,
          corner_web_ring, uniq_eustachio
D:5:      kennysheep_steamy, nicolae_overflow_hidden_temple,
          hangedman_abyss_or_decor_stabs, led_sif_book
D:6:      basic_altar, okawaru_metal_pillars_3
D:7:      lemuel_temple_firewalk_b, serial_shops, nicolae_shop_trees,
          grunt_ogre_cave
D:8:      dpeg_oklobed_lair, serial_shops, shop, special_room,
          minmay_misc_feat_plants, uniq_maurice, uniq_joseph
D:9:      enter_bailey_2
D:10:     uniq_urug
Ossuary:  ossuary_tomb_3

Skill      XL: |  1  2  3  4  5  6  7  8  9 10 11 |
---------------+----------------------------------+-----
Dodging        | 3 4 5 |  5.9
Axes           | 3 5 6 7 8 9 10 | 10.0
Stealth        | 1 2 3 4 6 |  6.9
Fighting       | 4 5 6 |  6.2
Throwing       | 4 |  4.1
Armour         | 3 4 |  4.0
Shields        | 3 4 |  4.6
Unarmed Combat | 3 |  3.9
Spellcasting   | 3 |  3.6
Evocations     | 1 |  1.0

Action                   |  1- 3 |  4- 6 |  7- 9 | 10-12 || total
-------------------------+-------+-------+-------+-------++-------
Melee: War axe           |    82 |    66 |   299 |   248 ||   695
       Bite              |    17 |    13 |    90 |   115 ||   235
       Kick              |       |     5 |   110 |   116 ||   231
       Hand axe          |       |       |       |    53 ||    53
Throw: Throwing net      |       |       |       |     3 ||     3
Evoke: Wand              |       |       |     3 |       ||     3
  Use: Potion            |       |     2 |       |       ||     2
 Stab: Sleeping          |     3 |     4 |    10 |     8 ||    25
       Held in net/web   |       |       |       |     2 ||     2
       Distracted        |       |       |       |     1 ||     1
  Eat: Chunk             |       |     2 |    12 |    10 ||    24
Armor: Leather armour    |    20 |    18 |    68 |    63 ||   169
Dodge: Dodged            |    54 |    38 |   185 |   225 ||   502
Block: Buckler           |       |     9 |    70 |    69 ||   148

Table legend:
 A = Spawn XP
 B = Non-spawn XP
 C = Spawn XP percentage of total XP
 D = Spawn monster count
 E = Non-spawn monster count
 F = Spawn count percentage of total count
 G = Total turns spent on level
                    A         B        C        D         E        F      G
               +---------+---------+-------+---------+---------+-------+---------
         Total |       0 |   12016 |   0.0 |       0 |     281 |   0.0 |  6976
               +---------+---------+-------+---------+---------+-------+---------
           D:1 |       0 |      56 |   0.0 |       0 |      26 |   0.0 |   573
           D:2 |       0 |      65 |   0.0 |       0 |      25 |   0.0 |   912
           D:3 |       0 |     602 |   0.0 |       0 |      43 |   0.0 |   776
           D:4 |       0 |     694 |   0.0 |       0 |      24 |   0.0 |   595
           D:5 |       0 |    1006 |   0.0 |       0 |      18 |   0.0 |   629
           D:6 |       0 |     810 |   0.0 |       0 |      16 |   0.0 |   820
           D:7 |       0 |     369 |   0.0 |       0 |       8 |   0.0 |   627
           D:8 |       0 |    4055 |   0.0 |       0 |      48 |   0.0 |   714
           D:9 |       0 |    3233 |   0.0 |       0 |      52 |   0.0 |   917
          D:10 |       0 |     364 |   0.0 |       0 |       4 |   0.0 |   218
       Ossuary |       0 |     762 |   0.0 |       0 |      17 |   0.0 |   195
               +---------+---------+-------+---------+---------+-------+---------
